Map: Prion Terraces

Players

Nerchio - Winner!

  • Race: Zerg Zerg
  • League: Grandmaster

IlIlllIIl (Stephano)

  • Race: Zerg Zerg
  • League: Master

Event: NationWars III

VOD

Have the link to the VOD?

Description

Time

  • Played on: Dec. 5, 2015, 3:54 p.m.
  • Length: 8:34
Show
View Real Time Build Order
Export as new Build Order

Nerchio Zerg - Winner!

Build Orders: Pool First 

Get SALT Encoding   

  12  0:00  Drone  
  13  0:12  Overlord  
  13  0:17  Drone  
  14  0:30  Drone x2  
  14  0:34  Drone  
  17  0:39  Extractor  
  16  0:47  Spawning Pool  
  15  0:50  Drone  
  15  0:55  Drone  
  17  1:08  Overlord  
  17  1:33  Zergling x2  
  17  1:34  Zergling x2, Queen  
  17  1:38  Zergling x2  
  17  1:39  Metabolic Boost  
  22  1:49  Zergling x2  
  23  1:58  Hatchery  
  22  2:02  Drone  
  23  2:08  Baneling Nest  
  23  2:12  Drone  
  23  2:21  Zergling x2  
  24  2:27  Queen  
  26  2:35  Spine Crawler  
  25  2:39  Zergling x2  
  25  2:44  Zergling x2  
  27  2:49  Zergling x2  
  28  2:51  Baneling x2  
  28  2:52  Baneling  
  28  2:55  Baneling  
  28  2:58  Drone  
  29  3:04  Overlord  
  29  3:20  Queen  
  29  3:24  Drone  
  29  3:26  Drone  
  33  3:27  Drone  
  33  3:33  Drone  
  35  3:34  Drone  
  35  3:38  Drone  
  36  3:41  Drone  
  36  3:45  Drone  
  38  3:49  Drone  
  38  3:51  Drone  
  40  3:56  Evolution Chamber  
  40  3:59  Drone  
  40  4:04  Overlord  
  39  4:10  Drone x2  
  39  4:11  Drone  
  42  4:17  Drone  
  42  4:19  Overlord  
  43  4:25  Drone  
  43  4:26  Drone x2  
  43  4:27  Drone  
  47  4:31  Zerg Missile Weapons Level 1  
  47  4:33  Drone  
  47  4:35  Drone  
  47  4:37  Drone  
  48  4:38  Drone  
  48  4:45  Extractor  
  47  4:46  Roach Warren  
  47  4:50  Queen  
  48  4:54  Baneling x2  
  48  4:57  Zergling x4  
  48  4:58  Zergling x2  
  51  5:07  Drone x5  
  51  5:10  Overlord, Extractor  
  55  5:27  Drone x3  
  58  5:29  Hatchery  
  58  5:33  Roach x2  
  63  5:35  Roach  
  63  5:37  Roach  
  63  5:41  Overlord  
  65  5:44  Overlord  
  65  5:49  Lair  
  65  5:52  Overlord  
  65  5:59  Roach  
  65  6:03  Roach x3  
  73  6:04  Roach  
  73  6:11  Roach x3  
  80  6:18  Roach  
  80  6:19  Roach  
  80  6:20  Overlord  
  80  6:24  Overlord  
  84  6:32  Overlord  
  84  6:43  Roach  
  85  6:48  Roach x7  
  85  6:50  Queen  
  85  6:53  Drone  
  100  6:54  Drone  
  100  6:55  Drone  
  100  6:58  Glial Reconstitution  
  100  7:01  Roach  
  104  7:03  Roach  
  104  7:05  Roach  
  104  7:07  Roach  
  108  7:10  Roach  
  108  7:12  Roach  
  108  7:16  Roach x2  
  108  7:19  Roach  
  108  7:20  Roach  
  109  7:23  Roach  
  109  7:26  Roach  
  105  7:31  Roach x2  
  105  7:36  Roach x2  
  111  7:38  Roach  
  103  7:47  Drone  
  103  7:48  Drone x3  
  103  7:50  Drone  
  106  7:57  Roach x3  
  112  7:59  Roach  
  112  8:02  Roach  
  108  8:06  Roach  
  108  8:08  Roach  
  108  8:10  Roach  
  108  8:11  Roach  
  106  8:13  Roach  
  106  8:15  Roach  
Show
View Real Time Build Order
Export as new Build Order

IlIlllIIl Zerg 

Build Orders: Pool First 

Get SALT Encoding   

  12  0:01  Drone  
  13  0:07  Drone  
  14  0:15  Extractor  
  14  0:16  Drone  
  14  0:32  Spawning Pool  
  13  0:36  Drone  
  14  0:45  Overlord  
  14  0:53  Drone, Extractor  
  15  1:04  Drone  
  16  1:18  Metabolic Boost, Queen  
  16  1:22  Zergling x2  
  19  1:29  Overlord  
  19  1:35  Drone  
  20  1:55  Hatchery  
  20  1:56  Zergling x2  
  20  2:00  Zergling x2  
  21  2:03  Zergling x2  
  22  2:09  Zergling x2  
  23  2:29  Zergling x8  
  27  2:31  Queen  
  29  2:38  Overlord  
  29  2:47  Drone  
  30  2:52  Baneling Nest  
  29  2:59  Drone  
  29  3:04  Drone x3  
  33  3:16  Zergling x4  
  35  3:24  Drone  
  35  3:27  Drone  
  35  3:35  Drone  
  35  3:37  Drone  
  35  3:40  Drone x4  
  39  3:42  Baneling x2  
  39  3:44  Baneling  
  39  3:50  Evolution Chamber  
  38  3:56  Spine Crawler  
  38  4:02  Drone x2  
  39  4:07  Drone  
  38  4:18  Drone  
  38  4:19  Drone  
  39  4:28  Drone  
  39  4:29  Drone x2  
  42  4:33  Overlord  
  42  4:35  Drone x2  
  43  4:39  Drone  
  43  4:44  Overlord  
  44  4:48  Zerg Ground Armor Level 1  
  44  4:56  Evolution Chamber  
  44  4:58  Overlord  
  42  5:07  Drone x2  
  42  5:08  Overlord  
  44  5:18  Queen  
  46  5:22  Zerg Melee Weapons Level 1  
  46  5:26  Hatchery  
  45  5:31  Zergling x6  
  48  5:43  Baneling x3  
  48  5:46  Zergling x12  
  54  6:08  Hatchery  
  53  6:12  Zergling x18  
  57  6:24  Zergling x8  
  61  6:38  Zergling x10  
  64  6:51  Zergling x2  
  64  6:52  Zergling x6  
  67  6:58  Zergling x4  
  69  7:03  Spine Crawler  
  69  7:04  Spine Crawler  
  69  7:06  Spine Crawler  
  59  7:08  Zergling x4  
  54  7:16  Zergling x12  
  54  7:21  Zergling x4  
  51  7:27  Zergling x2  
  46  7:33  Spine Crawler  
  46  7:34  Zergling x6  
  46  7:37  Spine Crawler  
  48  7:38  Queen  
  47  7:45  Zergling x2  
  47  7:46  Zergling x8  
  50  7:57  Zergling x2  
  50  7:58  Zergling x8  
  53  8:03  Zergling x2  
  49  8:07  Zergling x4  
  45  8:13  Zergling x2  
  45  8:14  Zergling x6  
  45  8:17  Zergling x4  
Tags
 
Add a new tag
Caveats
  • Supply blocks, unpowered buildings, or Contaminate may cause inaccurate times.
  • Supply counts are checked every 10 seconds.